 Dungeon Crawl Stone Soup version 0.29-a0-982-gaed3a0c8d8 (webtiles) character file.

Game seed: 1147592084046484642

55 leavemydog the Chopper (level 3, -4/33 HPs)
             Began as a Hill Orc Fighter on Aug 1, 2022.
             Slain by a gnoll
             ... wielding a +0 halberd
              (10 damage)
             ... on level 2 of the Dungeon.
             The game lasted 00:01:35 (1845 turns).

leavemydog the Chopper (Hill Orc Fighter)           Turns: 1845, Time: 00:01:35

Health: -4/33      AC:  8    Str: 20    XL:     3   Next: 93%
Magic:  3/3        EV:  9    Int:  8    God:
Gold:   132        SH:  4    Dex: 10    Spells: 2/2 levels left

rFire   . . .      SeeInvis .   a - +0 war axe
rCold   . . .      Faith    .   c - +0 buckler
rNeg    . . .      Spirit   .   b - +0 scale mail
rPois   .          Reflect  .   (no helmet)
rElec   .          Harm     .   (no cloak)
rCorr   .          Rampage  .   e - +0 pair of gloves
Will    .....                   (no boots)
Stlth   ..........              (no amulet)
HPRegen 0.11/turn               (no ring)
MPRegen 0.08/turn               (no ring)

@: no status effects
A: no striking features
a: no special abilities


You were on level 2 of the Dungeon.
You visited 1 branch of the dungeon, and saw 3 of its levels.

You collected 132 gold pieces.

Inventory:

Hand Weapons
 a - a +0 war axe (weapon)
Armour
 b - a +0 scale mail (worn)
 c - a +0 buckler (worn)
 e - a +0 pair of gloves (worn)
Scrolls
 i - a scroll of identify {unknown}
 j - a scroll of magic mapping {unknown}
 k - 2 scrolls of fear {unknown}
Potions
 d - a potion of might
 f - 2 potions of haste {unknown}
 g - 2 potions of brilliance {unknown}
 h - a potion of attraction {unknown}
 l - a potion of degeneration {unknown}
 m - a potion of lignification {unknown}


   Skills:
 + Level 4.0 Fighting
 * Level 4.2 Axes
 + Level 3.7 Armour
 + Level 3.5 Shields


You had 2 spell levels left.
You didn't know any spells.
Your spell library was empty.

Dungeon Overview and Level Annotations

Branches:
Dungeon (3/15)

Altars:


Message History

You are too injured to fight recklessly!
The gnoll hits you from afar with a +0 halberd.
There is an open door here.
The gnoll attacks as you move away! The gnoll hits you with a +0 club.
There is a stone staircase leading down here.
The gnoll hits you with a +0 club.
* * * LOW HITPOINT WARNING * * *
You climb downwards.
There is a stone staircase leading up here.
You barely miss the gnoll.
The gnoll is almost dead.
The gnoll closely misses you.
You slash the gnoll!
You kill the gnoll!
You start resting.
HP restored.
You climb upwards.
The gnoll hits you but does no damage.
There is a stone staircase leading down here.
You barely miss the gnoll. The gnoll hits you but does no damage.
The gnoll closely misses you.
You closely miss the gnoll. The gnoll closely misses you. The gnoll misses you.
You slash the gnoll!
The gnoll is severely wounded.
The gnoll closely misses you. x2
You hit the gnoll but do no damage.
The gnoll is severely wounded.
The gnoll hits you from afar with a +0 halberd!
The gnoll barely misses you. The gnoll completely misses you.
The gnoll hits you with a +0 club.
You hit the gnoll.
The gnoll is heavily wounded.
You barely miss the gnoll. The gnoll hits you with a +0 halberd!
The gnoll hits you from afar with a +0 halberd!
* * * LOW HITPOINT WARNING * * *
The gnoll hits you with a +0 club.
* * * LOW HITPOINT WARNING * * *
The gnoll hits you but does no damage. The gnoll hits you with a +0 halberd.
* * * LOW HITPOINT WARNING * * *
The gnoll hits you from afar with a +0 halberd!
You die...

.....######.....##.#
#.####.#..
#...#..........###.#####.#
#.##. ##[##.#######.##
#.......####.##. #.##.#
#.# ####.........##.
#.##.# #.# ############.
#.##>### #.# #. ##.##...##
#.########### #.
....>.#..####..>.........
#.
##.............g@.......#
#.
#..#####'#######g####..#
#. #..###.....# #..g..# #.
##..##...[.###.g...## ##
##..#.....###.....##
....#....###.....##
###.'†..###....?#
....#..######+### .#
##..#.###.#.....# #.#


You could see 3 gnolls.

Vanquished Creatures
  A gnoll (D:3)
  A worm (D:2)
  A dart slug (D:1)
  An orc (D:2)
  2 ball pythons
  3 endoplasms (D:1)
  3 giant cockroaches (D:2)
  4 goblins
  3 hobgoblins
  5 jackals (D:1)
  2 kobolds
  A quokka (D:1)
  4 bats
  3 frilled lizards (D:1)
  A rat (D:1)
35 creatures vanquished.

Notes
Turn   | Place    | Note
-------+----------+-------------------------------------------
     0 | D:1      | leavemydog the Hill Orc Fighter began the quest for the
                  | Orb.
     0 | D:1      | Reached XP level 1. HP: 19/19 MP: 1/1
   129 | D:1      | Reached XP level 2. HP: 13/27 MP: 2/2
   644 | D:1      | Reached XP level 3. HP: 28/33 MP: 3/3
  1845 | D:2      | Slain by a gnoll

Illustrated notes

Levels and vault maps discovered:
D:1:      saegor_arrival_simple_b, layout_basic, minmay_pentomino_x4
D:2:      layout_loops_ring, minmay_quadrilaterals
D:3:      layout_basic, nicolae_kikubaaqudgha_miasma_corner, serial_shops,
          nicolae_diamond_shop, kennysheep_nub, minmay_bisected

Skill      XL: |  1  2  3 |
---------------+----------+-----
Axes           | 3 4 |  4.2
Fighting       | 4 |  4.0
Armour         | |  3.7
Shields        | |  3.5

Action                   || total
-------------------------++-------
Melee: War axe           ||    93
Armor: Scale mail        ||    59
Dodge: Dodged            ||    74
Block: Buckler           ||    27

Table legend: (Time is in decaauts)
 A = Elapsed time spent in this place.
 B = Non-inter-level travel time spent in this place.
 C = Inter-level travel time spent in this place.
 D = Time resting spent in this place.
 E = Time spent auto-exploring this place.
 F = Levels seen in this place.
 G = Mean time per level.
                   A        B        C        D        E       F      G
               +--------+--------+--------+--------+--------+-----+--------+
         Total |   1879 |   1815 |     64 |    375 |   1191 |   3 |  626.3 |
       Dungeon |   1879 |   1815 |     64 |    375 |   1191 |   3 |  626.3 |
               +--------+--------+--------+--------+--------+-----+--------+

Top non-repeatable levels by time:
     D:1: 1087 daAuts
     D:2: 546 daAuts
     D:3: 245 daAuts
